 Dungeon Crawl Stone Soup version 0.31-a0-200-gbc41564c69 (webtiles) character file.

Game seed: 3342053178636747489

47 qw the Shooter (level 3, -10/20 HPs)
             Began as a Deep Elf Hunter on June 25, 2023.
             Killed by divine providence
             ... invoked by an orc priest
              (15 damage)
             ... on level 3 of the Dungeon.
             The game lasted 00:00:29 (1116 turns).

qw the Shooter (Deep Elf Hunter)                    Turns: 1116, Time: 00:00:30

Health: -10/20     AC:  6    Str:  7 (10) XL:     3   Next: 48%
Magic:  5/5        EV: 10    Int: 12 (13) God:
Gold:   37         SH:  0    Dex: 15 (18) Spells: 2/2 levels left

rFire   . . .        Y - +0 shortbow
rCold   . . .        (shield currently unavailable)
rNeg    . . .        d - +0 ring mail
rPois   .            (no helmet)
rElec   .            (no cloak)
rCorr   .            g - +0 pair of gloves
SInv    .            (no boots)
Will    .....        (no amulet)
Stlth   +            (no ring)
HPRegen 0.23/turn    (no ring)
MPRegen 0.09/turn

%: no passive effects
@: about to teleport
A: no striking features
a: no special abilities


You were on level 3 of the Dungeon.
You visited 1 branch of the dungeon, and saw 3 of its levels.

You collected 37 gold pieces.


   Skills:
 - Level 1.5 Fighting
 + Level 7.0 Ranged Weapons
 - Level 2.4 Dodging
 - Level 1.2 Stealth


You had 2 spell levels left.
You didn't know any spells.
Your spell library was empty.

Inventory:

Hand Weapons
 Y - a +0 shortbow (weapon)
Armour
 d - a +0 ring mail (worn)
 g - a +0 pair of gloves (worn)
Jewellery
 h - a ring of flight
 i - a ring of fire
Scrolls
 e - a scroll of identify
Potions
 b - a potion of magic {unknown}
 c - a potion of mutation {unknown}
 f - a potion of attraction {unknown}

Dungeon Overview and Level Annotations

Branches:
Dungeon (3/15)

Altars:

Shops:
D:1 ?

Annotations:
D:3 Robin


Message History

You shoot an arrow. The arrow closely misses the goblin.
The arrow hits the orc wizard!
The orc wizard is heavily wounded.
The goblin barely misses you.
A goblin comes into view. It is wielding a +0 club.
A hobgoblin comes into view.
You shoot an arrow. The arrow misses the orc wizard.
The arrow hits the goblin.
You kill the goblin!
A rat comes into view.
You shoot an arrow.
The arrow hits the orc wizard but does no damage.
The orc wizard is heavily wounded.
The orc wizard hits you but does no damage.
You shoot an arrow.
The arrow hits the orc wizard but does no damage.
The orc wizard is heavily wounded.
The orc priest calls down the wrath of Beogh upon you.
Beogh smites you!
Ouch! That really hurt!
A goblin comes into view. It is wielding a +0 club.
The orc wizard hits you but does no damage.
The goblin shouts!
1114 ||| READING scroll of teleportation.
As you read the scroll of teleportation, it crumbles to dust.
You feel strangely unstable.
You hear a shout! x2
You shoot an arrow.
The arrow hits the orc wizard but does no damage.
The orc wizard is heavily wounded.
A hobgoblin comes into view.
The orc wizard hits you but does no damage.
The orc priest begins to cast a cantrip, but forgets the words!
The orc wizard hits you but does no damage.
The hobgoblin moves out of view.
You shoot an arrow. The arrow hits the orc wizard!
You kill the orc wizard!
The orc priest calls down the wrath of Beogh upon you.
Beogh smites you!
Ouch! That really hurt!
You die...

#########
#<......# ###
#######.#
#.#########.#
#@).........#
#o###########
..gg #####g
g. .. #.# .#


You could see an orc priest, 2 hobgoblins and 2 goblins.

Vanquished Creatures
  An orc wizard (D:3)
  A dart slug (D:1)
  An orc (D:3)
  3 ball pythons (D:2)
  4 endoplasms
  2 giant cockroaches
  4 goblins
  5 hobgoblins
  3 jackals (D:1)
  2 quokkas
  3 bats
  A frilled lizard (D:2)
  3 kobolds (D:1)
  7 rats
40 creatures vanquished.

Notes
Turn   | Place    | Note
-------+----------+-------------------------------------------
     0 | D:1      | qw the Deep Elf Hunter began the quest for the Orb.
     0 | D:1      | Reached XP level 1. HP: 12/12 MP: 3/3
     0 | D:1      | 0 ||| qw: Version: 0.3-a-22-g0ed2b0b
     0 | D:1      | 0 ||| qw: Game counter: 5541
     0 | D:1      | 0 ||| qw: Melee chars always use a shield: true
     0 | D:1      | 0 ||| qw: God list: Okawaru
     0 | D:1      | 0 ||| qw: Allow faded altars: false
     0 | D:1      | 0 ||| qw: Do Orc after clearing Dungeon:15 true
     0 | D:1      | 0 ||| qw: Do second Lair branch before Depths: true
     0 | D:1      | 0 ||| qw: Lair rune preference: random
     0 | D:1      | 0 ||| qw: Goals: Normal
     0 | D:1      | 0 ||| PLANNING D:1-11
   129 | D:1      | Reached skill level 6 in Ranged Weapons
   129 | D:1      | Reached XP level 2. HP: 16/16 MP: 4/4
   158 | D:1      | Found Pewyti's Magic Scroll Boutique.
   170 | D:1      | 170 ||| SHOPLISTING scroll of acquirement (624 gold, have
                  | 10).
   170 | D:1      | 170 ||| SHOPLISTING scroll of enchant weapon (90 gold, have
                  | 10).
   170 | D:1      | 170 ||| SHOPLISTING scroll of identify (24 gold, have 10).
   170 | D:1      | 170 ||| SHOPLISTING scroll of teleportation (36 gold, have
                  | 10).
   393 | D:1      | 393 ||| UPGRADING to +0 ring mail.
   403 | D:1      | 403 ||| DROPPING +0 leather armour.
   404 | D:1      | 404 ||| READING scroll labelled FOTHER YPLIPSE.
   405 | D:1      | 405 ||| READING 2 scrolls labelled SUUWOM ICWIM.
   406 | D:1      | 406 ||| DROPPING scroll of butterflies.
   407 | D:1      | 407 ||| DROPPING scroll of vulnerability.
   527 | D:2      | Reached XP level 3. HP: 20/20 MP: 5/5
   634 | D:2      | Found a faded altar of an unknown god.
  1049 | D:2      | 1049 ||| UPGRADING to +0 pair of gloves.
  1054 | D:2      | 1054 ||| READING 2 scrolls labelled OSUSHR GOUBBESM.
  1058 | D:2      | 1058 ||| DRINKING 2 cyan potions.
  1059 | D:2      | 1059 ||| DROPPING potion of degeneration.
  1105 | D:3      | Noticed Robin
  1109 | D:3      | Reached skill level 7 in Ranged Weapons
  1113 | D:3      | HP: 4/20 [orc priest/divine providence (13)]
  1114 | D:3      | 1114 ||| READING scroll of teleportation.
  1116 | D:3      | Killed from afar by an orc priest

Levels and vault maps discovered:
D:1:      saegor_arrival_under_anarchy, layout_rooms, serial_shops,
          nicolae_shop_tiny_glass
D:2:      layout_loops_cross, ebering_ecumenical_altar_petrified
D:3:      layout_basic, nzn_hepliaklqana_mist_gate, uniq_robin

Skill      XL: |  1  2  3 |
---------------+----------+-----
Ranged Weapons | 6 7 |  7.0
Fighting       | |  1.5
Dodging        | |  2.4
Stealth        | |  1.2

Action                     || total
---------------------------++-------
   Fire: Shortbow          ||   101
    Use: Scroll            ||     4
         Potion            ||     1
 Armour: Leather armour    ||     2
         Ring mail         ||     8
  Dodge: Dodged            ||    30

Table legend:
 A = Non-vault XP
 B = Vault XP
 C = Vault XP percentage of total XP
 D = Non-vault monster count
 E = Vault monster count
 F = Vault count percentage of total count
                 A         B        C        D         E       F
            +---------+---------+-------+---------+---------+-------
      Total |      98 |       5 |   4.9 |      37 |       3 |   7.5
            +---------+---------+-------+---------+---------+-------
        D:1 |      33 |       0 |   0.0 |      19 |       0 |   0.0
        D:2 |      25 |       0 |   0.0 |      15 |       0 |   0.0
        D:3 |      40 |       5 |  11.1 |       3 |       3 |  50.0
            +---------+---------+-------+---------+---------+-------
